 Dungeon Crawl Stone Soup version 0.31.0-11-ge490571c62 (webtiles) character file.

Game seed: 10395604038459486918

7 qw the Shooter (level 1, 0/10 HPs)
             Began as a Spriggan Hunter on Feb 4, 2024.
             Succumbed to their own poison gas
             ... on level 1 of the Dungeon.
             The game lasted 00:00:01 (814 turns).

qw the Shooter (Spriggan Hunter)                     Turns: 814, Time: 00:00:02

Health: 0/10       AC:  2    Str:  7    XL:     1   Next: 91%
Magic:  2/2        EV: 18    Int: 10    God:
Gold:   18         SH:  0    Dex: 18    Spells: 0/0 levels left

rFire   . . .        a - +0 shortbow
rCold   . . .        (shield currently unavailable)
rNeg    . . .        c - +0 robe
rPois   .            (helmet restricted)
rElec   .            (no cloak)
rCorr   .            (gloves unavailable)
SInv    +            (boots unavailable)
Will    .....        (no amulet)
Stlth   ++           (no ring)
HPRegen 0.21/turn    (no ring)
MPRegen 0.08/turn

%: no passive effects
@: lethally poisoned (0 -> -9), very quick
A: very small, no large weapons, unfitting armour, see invisible, speed 3
a: no special abilities


You were on level 1 of the Dungeon.
You visited 1 branch of the dungeon, and saw 1 of its levels.

You collected 18 gold pieces.


Innate Abilities, Weirdness & Mutations

You are very small and have problems with some larger weapons.
You are too small for most types of armour.
You have supernaturally acute eyesight. (SInv)
You cover ground extremely quickly. (Speed+++)


   Skills:
 - Level 1.5 Fighting
 - Level 4.0 Ranged Weapons
 + Level 3.6 Dodging
 - Level 1.5 Stealth


You couldn't memorise any spells.
You didn't know any spells.
Your spell library was empty.

Inventory:

Hand Weapons
 a - a +0 shortbow (weapon)
Armour
 c - a +0 robe (worn)
Potions
 h - a potion of ambrosia {unknown}

Dungeon Overview and Level Annotations

Branches:
Dungeon (1/15)

Altars:


Message History

As you read the scroll labelled JAS XONOSEEKH, it crumbles to dust.
It was a scroll of poison.
Done exploring.
808 ||| READING scroll labelled ZOPTUVANEESU.
As you read the scroll labelled ZOPTUVANEESU, it crumbles to dust.
You hear a loud clanging noise!
It was a scroll of noise.
Done exploring.
809 ||| READING scroll labelled ESAUZYLUFI.
Blink to where?
Press: ? - help, Dir - move target, f - you
As you read the scroll labelled ESAUZYLUFI, it crumbles to dust.
It was a scroll of blinking.
Done exploring.
810 ||| DROPPING scroll of butterflies.
You drop a scroll of butterflies.
Done exploring.
What level of the Dungeon? (default 1, ? - help) Sorry, I don't know how to get there.
Enter note:
Enter note:
Enter note:
Enter note:
Enter note:
Enter note:
Enter note:
Enter note:
Enter note:
Enter note:
Enter note:
Enter note: You are engulfed in poison gas.
You are lethally poisoned!
You feel very sick.
812 ||| Stepping ~*~*~tactically~*~*~ (cloud).
You feel sick.
You see here a scroll of butterflies.
There is a lethal amount of poison in your body!
You feel very sick.
There is a lethal amount of poison in your body!
You die...

##}._.}...###.# #.#
#.¤¤¤.#..###.#####.#
#}¤0¤}##.#.........#
###¤####.#.#.#######
#0# #.#.#........
#¤# #.#.#........
#¤# #.#.#......##
#¤####.#.######.#
#@¤¤¤¤¤#.# #.#
########.# #.#
#.######.#
#........#
##########


There were no monsters in sight!

Vanquished Creatures
  A ball python (D:1)
  A bat (D:1)
  A frilled lizard (D:1)
  2 goblins (D:1)
  2 kobolds (D:1)
  A rat (D:1)
8 creatures vanquished.

Notes
Turn   | Place    | Note
-------+----------+-------------------------------------------
     0 | D:1      | qw the Spriggan Hunter began the quest for the Orb.
     0 | D:1      | Reached XP level 1. HP: 10/10 MP: 2/2
     0 | D:1      | 0 ||| qw: Version: 0.3-a-160-g6735b56
     0 | D:1      | 0 ||| qw: Game counter: 4514
     0 | D:1      | 0 ||| qw: Melee chars always use a shield: true
     0 | D:1      | 0 ||| qw: God list: Okawaru
     0 | D:1      | 0 ||| qw: Allow faded altars: false
     0 | D:1      | 0 ||| qw: Do Orc after clearing Dungeon:15 true
     0 | D:1      | 0 ||| qw: Do second Lair branch before Depths: true
     0 | D:1      | 0 ||| qw: Lair rune preference: random
     0 | D:1      | 0 ||| qw: Goals: Normal
     0 | D:1      | 0 ||| PLANNING D:1-11
   136 | D:1      | Reached skill level 3 in Dodging
   476 | D:1      | Found a faded altar of an unknown god.
   806 | D:1      | 806 ||| READING scroll labelled RITAME TIYLLIG.
   807 | D:1      | 807 ||| READING scroll labelled JAS XONOSEEKH.
   808 | D:1      | 808 ||| READING scroll labelled ZOPTUVANEESU.
   809 | D:1      | 809 ||| READING scroll labelled ESAUZYLUFI.
   810 | D:1      | 810 ||| DROPPING scroll of butterflies.
   812 | D:1      | 812 ||| Stepping ~*~*~tactically~*~*~ (cloud).
   813 | D:1      | HP: 2/10 [poisoned by you (poison gas)]
   814 | D:1      | Succumbed to their own poison gas

Levels and vault maps discovered:
D:1:      dpeg_arrival_three_smaller_balls, layout_basic,
          hellmonk_ecumenical_altar_run_dry, nicolae_wormholes

Skill      XL: |  1 |
---------------+----+-----
Dodging        | 3 |  3.6
Fighting       | |  1.5
Ranged Weapons | |  4.0
Stealth        | |  1.5

Action                     || total
---------------------------++-------
   Fire: Shortbow          ||    30
    Use: Scroll            ||     4
 Armour: Robe              ||     6
  Dodge: Dodged            ||    10

Table legend:
 A = Non-vault XP
 B = Vault XP
 C = Vault XP percentage of total XP
 D = Non-vault monster count
 E = Vault monster count
 F = Vault count percentage of total count
                 A         B        C        D         E       F
            +---------+---------+-------+---------+---------+-------
      Total |      11 |       0 |   0.0 |       8 |       0 |   0.0
            +---------+---------+-------+---------+---------+-------
        D:1 |      11 |       0 |   0.0 |       8 |       0 |   0.0
            +---------+---------+-------+---------+---------+-------
